 Dungeon Crawl Stone Soup version 0.21.1-1-g345015f (webtiles) character file.

177 stankywizzleteets the Ruffian (level 5, -2/47 HPs)
             Began as a Hill Orc Monk on June 14, 2018.
             Slain by an iguana (12 damage)
             ... while paralysed
             ... on level 4 of the Dungeon on June 15, 2018.
             The game lasted 00:25:24 (4281 turns).

stankywizzleteets the Ruffian (Hill Orc Monk)       Turns: 4281, Time: 00:25:25

Health: -2/47      AC:  4    Str: 15      XL:     5   Next: 57%
Magic:  5/5        EV:  2    Int:  9 (10) God:
Gold:   264        SH:  0    Dex: 11 (13) Spells: 4/4 levels left

rFire    . . .     SeeInvis .     - Unarmed
rCold    + . .     Gourm    .   (no shield)
rNeg     . . .     Faith    .   a - +0 robe
rPois    .         Spirit   .   (no helmet)
rElec    .         Reflect  .   (no cloak)
rCorr    .         Harm     +   y - +1 pair of gloves
MR       .....                  (no boots)
Stlth    ++........             r - amulet of harm
HPRegen  0.15/turn              q - ring of protection from cold
MPRegen  0.09/turn              (no ring)

@: paralysed, fainting
A: no striking features
a: no special abilities


You were on level 4 of the Dungeon.
You were fainting.

You visited 1 branch of the dungeon, and saw 4 of its levels.

You collected 264 gold pieces.

Inventory:

Armour
 a - a +0 robe (worn)
 c - a +0 ring mail
 y - a +1 pair of gloves (worn)
 A - a +0 pair of gloves
Jewellery
 q - a ring of protection from cold (left hand)
 r - an amulet of harm (around neck)
 x - a -2 ring of evasion
Scrolls
 d - 7 scrolls of identify
 e - a scroll of remove curse
 h - 2 scrolls of fog {unknown}
 i - a scroll of amnesia {unknown}
 j - 3 scrolls of enchant weapon {unknown}
 k - a scroll of random uselessness {unknown}
 l - 2 scrolls of noise {unknown}
 m - a scroll of enchant armour {unknown}
 p - a scroll of immolation {unknown}
 s - a scroll of fear {unknown}
 w - 2 scrolls of blinking {unknown}
Potions
 f - a potion of mutation {unknown}
 g - a potion of haste {unknown}
 n - a potion of magic {unknown}
 o - a potion of flight {unknown}
 t - a potion of lignification {unknown}
 u - 3 potions of curing {unknown}
 v - a potion of resistance {unknown}
 z - 2 potions of agility {unknown}
Comestibles
 b - 3 rations


   Skills:
 + Level 4.4 Fighting
 + Level 3.2 Dodging
 + Level 2.0 Stealth
 + Level 5.2 Unarmed Combat


You had 4 spell levels left.
You didn't know any spells.

Dungeon Overview and Level Annotations

Branches:
Dungeon (4/15)
 Temple: D:4-7

Altars:


Message History

There is an open door here.
There is a stone staircase leading down here.
You climb downwards.
There is a stone staircase leading up here.
An iguana comes into view.
Found a stone staircase leading up.
A leopard gecko comes into view.
The leopard gecko hisses angrily.
A phantom comes into view.
You lose consciousness!
The iguana bites you! The leopard gecko bites you. The iguana bites you!
The leopard gecko bites you but does no damage.
The phantom blinks!
The iguana bites you. The leopard gecko bites you. The iguana bites you.
* * * LOW HITPOINT WARNING * * *
The leopard gecko bites you.
* * * LOW HITPOINT WARNING * * *
The iguana bites you!
You die...

.# ### .#
##..##.#
#....#.##
##...<...# .
##........##...
##.....ll.......
#.......@.......
#...............
#..........###..
#..........#
#..........#
#....<.....#
#..........#
####.......#


You could see an iguana and a leopard gecko.

Vanquished Creatures
  Terence (D:2)
  A bullfrog skeleton (D:3)
  A worker ant (D:3)
  4 adders
  An ooze (D:2)
  An adder skeleton (D:3)
  A worm (D:2)
  A leopard gecko (D:3)
  2 orcs (D:3)
  5 giant cockroaches
  9 goblins
  7 hobgoblins
  2 kobolds (D:1)
  2 quokkas (D:3)
  7 bats
  2 frilled lizards
  7 rats
54 creatures vanquished.

Notes
Turn   | Place    | Note
-------+----------+-------------------------------------------
     0 | D:1      | stankywizzleteets the Hill Orc Monk began the quest for the Orb.
     0 | D:1      | Reached XP level 1. HP: 19/19 MP: 1/1
   442 | D:1      | Reached XP level 2. HP: 27/27 MP: 2/2
  1570 | D:2      | Reached XP level 3. HP: 21/33 MP: 3/3
  1584 | D:2      | Noticed Terence
  1597 | D:2      | HP: 1/33 [bat (1)]
  1616 | D:2      | Killed Terence
  1616 | D:2      | Reached skill level 4 in Unarmed Combat
  1753 | D:2      | Reached XP level 4. HP: 12/40 MP: 4/4
  2979 | D:3      | Reached XP level 5. HP: 25/47 MP: 5/5
  3244 | D:3      | Reached skill level 5 in Unarmed Combat
  4237 | D:3      | Paralysed by fainting for 10 turns
  4276 | D:4      | Noticed a phantom
  4276 | D:4      | Paralysed by fainting for 7 turns
  4281 | D:4      | Slain by an iguana

Skill      XL: |  1  2  3  4  5 |
---------------+----------------+-----
Fighting       | 4 |  4.4
Unarmed Combat | 4 5 |  5.2
Dodging        | 3 |  3.2
Stealth        | 2 |  2.0

Action                   |  1- 3 |  4- 6 || total
-------------------------+-------+-------++-------
Melee: Unarmed           |   114 |   124 ||   238
       Punch             |       |     2 ||     2
  Use: Potion            |     2 |       ||     2
       Scroll            |       |     2 ||     2
 Stab: Sleeping          |     1 |     1 ||     2
  Eat: Ration            |     1 |     1 ||     2
       Chunk             |       |     1 ||     1
Armor: Robe              |    26 |    16 ||    42
Dodge: Dodged            |    92 |    70 ||   162
